PBL
MIAMI BEACH MARLINS @ COLORADO AVALANCHE
09/29/2045
 
TOP OF THE 1ST
Miami Beach Marlins batting - Pitching for Colorado Avalanche : RHP David Landa
Pitching: RHP David Landa
Batting: RHB Masumitsu Sugiura 0-0: Ball
1-0: Ground out 4-3 (Groundball, 4, EV 81.9 MPH)
Batting: RHB Jason Thrash 0-0: Swinging Strike
0-1: Foul Ball, location: 2F
0-2: Foul Ball, location: 2F
0-2: Ball
1-2: Strikes out swinging
Batting: RHB Boof Howell 0-0: Ball
1-0: Ground out 6-3 (Groundball, 6, EV 76.9 MPH)
Top of the 1st over - 0 runs, 0 hits, 0 errors, 0 left on base; Miami Beach 0 - Colorado 0
BOTTOM OF THE 1ST
Colorado Avalanche batting - Pitching for Miami Beach Marlins : RHP Alfonso Mier
Pitching: RHP Alfonso Mier
Batting: RHB Zakhar Edelman 0-0: Swinging Strike
0-1: Ball
1-1: Ball
2-1: Called Strike
2-2: Ball
3-2: Strikes out swinging
Batting: LHB Luke Coulter 0-0: Foul Ball, location: 2F
0-1: Called Strike
0-2: Ball
1-2: Ball
2-2: Ball
3-2: Base on Balls
Batting: RHB Ray Insley 0-0: DOUBLE (Flyball, 8RXD, EV 115.6 MPH)
Luke Coulter to third
Runner from 3rd tries for Home, SAFE, throw by CF to home
Batting: LHB Nick Rooney 0-0: Ground out 6-3 (Groundball, 6, EV 86.2 MPH)
Ray Insley to third
Batting: RHB Kevin Tangeman 0-0: Ball
1-0: Foul Ball, location: 2F
1-1: Ball
2-1: Fly out, F9 (Flyball, 9, EV 76.2 MPH)
Bottom of the 1st over - 1 run, 1 hit, 0 errors, 1 left on base; Miami Beach 0 - Colorado 1
TOP OF THE 2ND
Miami Beach Marlins batting - Pitching for Colorado Avalanche : RHP David Landa
Batting: RHB Mike Gar 0-0: Ball
1-0: Called Strike
1-1: SINGLE (Line Drive, 9S, EV 90.6 MPH)
Batting: SHB Matt Moore 0-0: Foul Ball, location: 2F
0-1: Ball
Mike Gar steals 2nd base
1-1: Swinging Strike
1-2: Hit by Pitch
Batting: RHB Keith Bennett 0-0: Called Strike
0-1: Called Strike
0-2: Fly out, F6 (Popup, 4MS, EV 75.0 MPH)
Batting: LHB Luis Magdaleno 0-0: Ball
1-0: 3-RUN HOME RUN (Line Drive, 9LD, EV 95.0 MPH), Distance : 350 ft
Batting: LHB Orlando Rivera 0-0: Ground out 4-3 (Groundball, 4, EV 80.6 MPH)
Batting: RHB Robbie Gomez 0-0: Called Strike
0-1: Swinging Strike
0-2: Ground out U3 (Groundball, 34S, EV 68.8 MPH)
Top of the 2nd over - 3 runs, 2 hits, 0 errors, 0 left on base; Miami Beach 3 - Colorado 1
BOTTOM OF THE 2ND
Colorado Avalanche batting - Pitching for Miami Beach Marlins : RHP Alfonso Mier
Batting: LHB Nick Martin 0-0: Ball
1-0: Called Strike
1-1: Foul Ball, location: 2F
1-2: Ball
2-2: Fly out, F6 (Line Drive, 6, EV 61.9 MPH)
Batting: RHB Maurice Moore 0-0: Ground out 5-3 (Groundball, 56, EV 83.1 MPH)
Batting: RHB Bob Hayes 0-0: Foul Ball, location: 2F
0-1: Foul Ball, location: 2F
0-2: Ball
1-2: Ball
2-2: DOUBLE (Line Drive, 9LM, EV 98.8 MPH)
Batting: RHB Manny Thompson 0-0: Called Strike
0-1: Called Strike
0-2: Fly out, F5 (Popup, 56S, EV 76.9 MPH)
Bottom of the 2nd over - 0 runs, 1 hit, 0 errors, 1 left on base; Miami Beach 3 - Colorado 1
TOP OF THE 3RD
Miami Beach Marlins batting - Pitching for Colorado Avalanche : RHP David Landa
Batting: RHB Masumitsu Sugiura 0-0: Ball
1-0: Ball
2-0: Swinging Strike
2-1: Fly out, F8 (Flyball, 8RXD, EV 103.1 MPH)
Batting: RHB Jason Thrash 0-0: Called Strike
0-1: Called Strike
0-2: Ball
1-2: Ball
2-2: Ground out 4-3 (Groundball, 34D, EV 85.6 MPH)
Batting: RHB Boof Howell 0-0: Ball
1-0: Foul Ball, location: 2F
1-1: Foul Ball, location: 2F
1-2: Foul Ball, location: 2F
1-2: DOUBLE (Flyball, 8RD, EV 94.4 MPH)
Batting: RHB Mike Gar 0-0: Swinging Strike
0-1: Ball
1-1: Ball
2-1: Ball
3-1: Base on Balls
Batting: SHB Matt Moore 0-0: Fly out, F7 (Flyball, 7S, EV 89.4 MPH)
Top of the 3rd over - 0 runs, 1 hit, 0 errors, 2 left on base; Miami Beach 3 - Colorado 1
BOTTOM OF THE 3RD
Colorado Avalanche batting - Pitching for Miami Beach Marlins : RHP Alfonso Mier
Batting: RHB Zakhar Edelman 0-0: Swinging Strike
0-1: Ball
1-1: Foul Ball, location: 2F
1-2: Ball
2-2: Strikes out looking
Batting: LHB Luke Coulter 0-0: Fly out, F7 (Flyball, 78S, EV 83.8 MPH)
Batting: RHB Ray Insley 0-0: Ball
1-0: Foul Ball, location: 2F
1-1: Ball
2-1: Ball
3-1: SOLO HOME RUN (Flyball, 78XD, EV 106.2 MPH), Distance : 426 ft
Batting: LHB Nick Rooney 0-0: Called Strike
0-1: Called Strike
0-2: Ball
1-2: Foul Ball, location: 2F
1-2: Ball
2-2: Ball
3-2: Strikes out swinging
Bottom of the 3rd over - 1 run, 1 hit, 0 errors, 0 left on base; Miami Beach 3 - Colorado 2
TOP OF THE 4TH
Miami Beach Marlins batting - Pitching for Colorado Avalanche : RHP David Landa
Batting: RHB Keith Bennett 0-0: Called Strike
0-1: Called Strike
0-2: Strikes out swinging
Batting: LHB Luis Magdaleno 0-0: Called Strike
0-1: Ball
1-1: SINGLE (Line Drive, 78S, EV 104.4 MPH)
Batting: LHB Orlando Rivera 0-0: Ground out 3-1 (Groundball, 34S, EV 89.4 MPH)
Luis Magdaleno to second
Batting: RHB Robbie Gomez 0-0: Called Strike
0-1: Fly out, F3 (Line Drive, 3, EV 67.5 MPH)
Top of the 4th over - 0 runs, 1 hit, 0 errors, 1 left on base; Miami Beach 3 - Colorado 2
BOTTOM OF THE 4TH
Colorado Avalanche batting - Pitching for Miami Beach Marlins : RHP Alfonso Mier
Batting: RHB Kevin Tangeman 0-0: Called Strike
0-1: Ball
1-1: Ball
2-1: Ball
3-1: Called Strike
3-2: Foul Ball, location: 2F
3-2: Base on Balls
Batting: LHB Nick Martin 0-0: Ball
1-0: Fly out, F9 (Flyball, 9D, EV 86.9 MPH)
Batting: RHB Maurice Moore 0-0: Ball
1-0: Called Strike
1-1: Fly out, F8 (Line Drive, 8LD, EV 83.8 MPH)
Batting: RHB Bob Hayes 0-0: Called Strike
0-1: Ball
1-1: Swinging Strike
1-2: Ball
2-2: Ball
3-2: DOUBLE (Line Drive, 78D, EV 108.1 MPH)
Kevin Tangeman to third
Kevin Tangeman scores
Batting: RHB Manny Thompson 0-0: Called Strike
0-1: Ball
1-1: Ball
2-1: Fly out, F9 (Flyball, 89M, EV 76.9 MPH)
Bottom of the 4th over - 1 run, 1 hit, 0 errors, 1 left on base; Miami Beach 3 - Colorado 3
TOP OF THE 5TH
Miami Beach Marlins batting - Pitching for Colorado Avalanche : RHP David Landa
Batting: RHB Masumitsu Sugiura 0-0: Ball
1-0: Ground out 6-3 (Groundball, 6, EV 88.1 MPH)
Batting: RHB Jason Thrash 0-0: Foul Ball, location: 2F
0-1: Foul Ball, location: 2F
0-2: SINGLE (Line Drive, 34D, EV 95.6 MPH)
Batting: RHB Boof Howell 0-0: Foul Ball, location: 2F
0-1: Ball
1-1: Ball
2-1: Ball
3-1: Foul Ball, location: 2F
3-2: Base on Balls
Jason Thrash to second
Batting: RHB Mike Gar 0-0: Ball
1-0: Foul Ball, location: 2F
1-1: Fly out, F9 (Line Drive, 9, EV 90.6 MPH)
Runner from 2nd tags up, OUT at 3rd! 9-5
Top of the 5th over - 0 runs, 1 hit, 0 errors, 1 left on base; Miami Beach 3 - Colorado 3
BOTTOM OF THE 5TH
Colorado Avalanche batting - Pitching for Miami Beach Marlins : RHP Alfonso Mier
Batting: RHB Zakhar Edelman 0-0: Ball
1-0: Swinging Strike
1-1: Swinging Strike
1-2: Ball
2-2: Ball
3-2: SINGLE (Line Drive, 4MD, EV 103.1 MPH)
Batting: LHB Luke Coulter 0-0: Called Strike
0-1: Grounds into double play, 6-4-3 (Groundball, 6M, EV 101.2 MPH)
Batting: RHB Ray Insley 0-0: Ball
1-0: Ball
2-0: Ball
3-0: Called Strike
3-1: Base on Balls
Batting: LHB Nick Rooney 0-0: Called Strike
0-1: Called Strike
0-2: Ball
1-2: Ball
2-2: Foul Ball, location: 2F
2-2: Foul Ball, location: 2F
2-2: Ball
3-2: Foul Ball, location: 2F
3-2: Foul Ball, location: 2F
3-2: Base on Balls
Ray Insley to second
Batting: RHB Kevin Tangeman 0-0: Ball
1-0: Called Strike
1-1: Ball
2-1: Foul Ball, location: 2F
2-2: Ball
3-2: SINGLE (Line Drive, 7S, EV 110.0 MPH)
Ray Insley to third
Nick Rooney to second
Ray Insley scores
Nick Rooney to third
Batting: LHB Nick Martin 0-0: Called Strike
0-1: Foul Ball, location: 2F
0-2: Ball
1-2: Fielders Choice at 2nd, 5-4 (Groundball, 56, EV 90.0 MPH)
Bottom of the 5th over - 1 run, 2 hits, 0 errors, 2 left on base; Miami Beach 3 - Colorado 4
TOP OF THE 6TH
Miami Beach Marlins batting - Pitching for Colorado Avalanche : RHP David Landa
Pitching: RHP Jim Crooks
Batting: SHB Matt Moore 0-0: Ball
1-0: Ball
2-0: Ball
3-0: Base on Balls
Batting: RHB Keith Bennett 0-0: Swinging Strike
0-1: Ball
1-1: Ball
2-1: Fly out, F8 (Flyball, 8RM, EV 82.5 MPH)
Batting: LHB Luis Magdaleno 0-0: Ball
1-0: Ball
2-0: Called Strike
2-1: Foul Ball, location: 2F
2-2: Foul Ball, location: 2F
2-2: Ball
3-2: Fly out, F7 (Flyball, 7, EV 81.9 MPH)
Batting: LHB Orlando Rivera 0-0: Ball
1-0: Fly out, F7 (Flyball, 78S, EV 86.2 MPH)
Top of the 6th over - 0 runs, 0 hits, 0 errors, 1 left on base; Miami Beach 3 - Colorado 4
BOTTOM OF THE 6TH
Colorado Avalanche batting - Pitching for Miami Beach Marlins : RHP Alfonso Mier
Batting: RHB Maurice Moore 0-0: Ball
1-0: Foul Ball, location: 2F
1-1: SINGLE (Flyball, 3D, EV 86.2 MPH)
Pitching: RHP Felix Moreno
Batting: RHB Bob Hayes 0-0: Ball
1-0: DOUBLE (Flyball, 8LXD, EV 105.6 MPH)
Maurice Moore to third
Runner from 3rd tries for Home, SAFE, throw by CF to trailing runner, SAFE at third!
Batting: RHB Manny Thompson 0-0: Fly out, F8 (Flyball, 8LD, EV 101.2 MPH)
Runner from 3rd tags up, SCORES, throw by CF
Batting: RHB Zakhar Edelman 0-0: Called Strike
0-1: Ball
1-1: Swinging Strike
1-2: Ball
2-2: SINGLE (Groundball, 4MD, EV 110.6 MPH)
Batting: LHB Luke Coulter 0-0: Fly out, F8 (Flyball, 8RS, EV 87.5 MPH)
Batting: RHB Ray Insley 0-0: Ball
1-0: Swinging Strike
1-1: Ball
2-1: Swinging Strike
2-2: Strikes out swinging
Bottom of the 6th over - 2 runs, 3 hits, 0 errors, 1 left on base; Miami Beach 3 - Colorado 6
TOP OF THE 7TH
Miami Beach Marlins batting - Pitching for Colorado Avalanche : RHP Jim Crooks
Pitching: RHP Jim Micaletti
Batting: RHB Robbie Gomez 0-0: Ball
1-0: Called Strike
1-1: Ground out 4-3 (Groundball, 4, EV 101.9 MPH)
Batting: RHB Masumitsu Sugiura 0-0: Ball
1-0: Swinging Strike
1-1: Fly out, F4 (Flyball, 34D, EV 93.1 MPH)
Batting: RHB Jason Thrash 0-0: Called Strike
0-1: Ball
1-1: Ball
2-1: Swinging Strike
2-2: Strikes out swinging
Top of the 7th over - 0 runs, 0 hits, 0 errors, 0 left on base; Miami Beach 3 - Colorado 6
BOTTOM OF THE 7TH
Colorado Avalanche batting - Pitching for Miami Beach Marlins : RHP Felix Moreno
Batting: LHB Nick Rooney 0-0: Ball
1-0: Foul Ball, location: 2F
1-1: Called Strike
1-2: Ball
2-2: Ground out U3 (Groundball, 3, EV 91.2 MPH)
Batting: RHB Kevin Tangeman 0-0: Ball
1-0: Ball
2-0: Called Strike
2-1: Ball
3-1: Swinging Strike
3-2: Strikes out swinging
Batting: LHB Nick Martin 0-0: Ball
1-0: Fly out, F8 (Line Drive, 8LD, EV 93.1 MPH)
Bottom of the 7th over - 0 runs, 0 hits, 0 errors, 0 left on base; Miami Beach 3 - Colorado 6
TOP OF THE 8TH
Miami Beach Marlins batting - Pitching for Colorado Avalanche : RHP Jim Micaletti
Batting: RHB Boof Howell 0-0: Swinging Strike
0-1: Called Strike
0-2: Ball
1-2: Strikes out swinging
Batting: RHB Mike Gar 0-0: Ball
1-0: Ball
2-0: Foul Ball, location: 2F
2-1: Foul Ball, location: 2F
2-2: Foul Ball, location: 2F
2-2: SOLO HOME RUN (Flyball, 7D, EV 108.1 MPH), Distance : 424 ft
Batting: SHB Matt Moore 0-0: Ball
1-0: Ball
2-0: Called Strike
2-1: Ball
3-1: SINGLE (Groundball, 4D, EV 95.6 MPH)
Batting: RHB Keith Bennett 0-0: Called Strike
0-1: Ball
1-1: Swinging Strike
1-2: Ball
2-2: Strikes out swinging
Pitching: RHP Davon Ware
Batting: LHB Luis Magdaleno 0-0: Foul Ball, location: 2F
0-1: Called Strike
0-2: Ball
1-2: Foul Ball, location: 2F
1-2: Ball
2-2: Foul Ball, location: 2F
2-2: Foul Ball, location: 2F
2-2: 2-RUN HOME RUN (Line Drive, 89XD, EV 115.6 MPH), Distance : 444 ft
Batting: LHB Orlando Rivera 0-0: Ball
1-0: Ball
2-0: Ball
3-0: Base on Balls
Batting: RHB Robbie Gomez 0-0: Called Strike
0-1: Fielders Choice at 2nd, 5-4 (Groundball, 56, EV 90.6 MPH)
Top of the 8th over - 3 runs, 3 hits, 0 errors, 1 left on base; Miami Beach 6 - Colorado 6
BOTTOM OF THE 8TH
Colorado Avalanche batting - Pitching for Miami Beach Marlins : RHP Felix Moreno
Pinch Hitting: LHB Michael Krott 0-0: Ball
1-0: Called Strike
1-1: Ball
2-1: Ball
3-1: Fly out, F7 (Flyball, 7, EV 76.2 MPH)
Pinch Hitting: LHB Jason Ryan 0-0: SOLO HOME RUN (Flyball, 9LD, EV 92.5 MPH), Distance : 359 ft
Batting: RHB Manny Thompson 0-0: Called Strike
0-1: Foul Ball, location: 2F
0-2: Foul Ball, location: 2F
0-2: Foul Ball, location: 2F
0-2: Ball
1-2: Foul Ball, location: 2F
1-2: Strikes out looking
Batting: RHB Zakhar Edelman 0-0: Ball
1-0: Fly out, F9 (Flyball, 9, EV 90.6 MPH)
Bottom of the 8th over - 1 run, 1 hit, 0 errors, 0 left on base; Miami Beach 6 - Colorado 7
TOP OF THE 9TH
Miami Beach Marlins batting - Pitching for Colorado Avalanche : RHP Davon Ware
Pitching: RHP Gorgonio Sigua
Now at 2B: Harry Folsom
Now at SS: Mike McElroy
Batting: RHB Masumitsu Sugiura 0-0: Ball
1-0: Ball
2-0: Ball
3-0: Called Strike
3-1: Base on Balls
Batting: RHB Jason Thrash 0-0: Called Strike
0-1: Foul Ball, location: 2F
0-2: Ball
1-2: Foul Ball, location: 2F
1-2: Fly out, F4 (Popup, 4MS, EV 61.2 MPH)
Batting: RHB Boof Howell 0-0: Ball
1-0: Ball
2-0: Ball
3-0: Base on Balls
Masumitsu Sugiura to second
Batting: RHB Mike Gar 0-0: Foul Ball, location: 2F
0-1: Foul Ball, location: 2F
0-2: Foul Ball, location: 2F
0-2: Foul Ball, location: 2F
0-2: Ball
1-2: Foul Ball, location: 2F
1-2: Grounds into double play, 4-6-3 (Groundball, 13, EV 85.6 MPH)
Top of the 9th over - 0 runs, 0 hits, 0 errors, 1 left on base; Miami Beach 6 - Colorado 7
Wednesday, June 22nd , 2022 - OOTP Baseball 23.4 Build 64